AoeStats
← Jaime Campbell

Arena

508337518Analyzed
2v2 RM · 11d ago on Sep 22, 2026· 35m 24s· 4 players
Game mode
Random Map
Map size
Medium (4 player)
Population
200
Speed
Normal
Resources
Standard
Victory
Conquest
Starting age
Dark Age
Ending age
Imperial Age
RankedLock teamsTeams togetherTeam positionsShared explorationLock speedFull tech treeHidden civsTurbo modeCheats
Victory
Defeat
🇨🇱 Franks · Chile
831
+15
🇨🇱 Portuguese · Chile
806
+15
🇧🇷 Chinese · Brazil
802
-15
🇧🇷 Spanish · Brazil
800
-15
-Tsukuyomi
12:20 Feudal Age
17:36 Castle Age
15:43 Double-Bit Axe
20:03 Horse Collar
22:01 Pikeman
24:07 Fletching
28:29 Bodkin Arrow
Smoke
13:35 Feudal Age
17:54 Castle Age
17:18 Loom
17:48 Fletching
19:27 Horse Collar
19:34 Double-Bit Axe
20:41 Heavy Plow
20:58 Bow Saw
24:47 Gold Mining
25:46 Thumb Ring
25:39 Bodkin Arrow
25:44 Padded Archer Armor
25:45 Scale Mail Armor
25:09 Pikeman
30:08 Light Cavalry
30:50 Husbandry
31:34 Gold Shaft Mining
Jaime Campbell
5:10 Loom
10:35 Feudal Age
11:27 Double-Bit Axe
16:46 Castle Age
15:13 Stone Mining
20:18 Bow Saw
20:44 Wheelbarrow
26:51 Fletching
27:01 Padded Archer Armor
28:45 Bodkin Arrow
29:06 Leather Archer Armor
30:53 Ballistics
30:29 Murder Holes
✟ L¥N V ✟
8:04 Loom
12:13 Feudal Age
16:13 Castle Age
25:02 Double-Bit Axe
27:57 Horse Collar
Connection lost

Rejoining the realm…

Still unreachable

The connection could not be restored.

Session expired

The server has moved on; the page needs a fresh start.